 Dungeon Crawl Stone Soup version 0.16.2-12-gd0ad4c3 (webtiles) character file.

7 Goblin1989 the Grasshopper (level 1, 7/10 HPs)
             Began as a Spriggan Warper on Mar 12, 2017.
             Quit the game on level 1 of the Dungeon.
             The game lasted 00:03:22 (134 turns).

Goblin1989 the Grasshopper (Spriggan Warper)         Turns: 134, Time: 00:03:22

Health: 7/10       AC:  2    Str:  7    XL:     1   Next: 83%
Magic:  4/5        EV: 18    Int: 14    God:
Gold:   10         SH:  0    Dex: 15    Spells: 1 memorised, 5 levels left

rFire  . . .     SeeInvis +     l - -3 dagger (curse)
rCold  . . .     Clarity  .     b - +0 robe
rNeg   . . .     SustAb   .     (shield restricted)
rPois  .         Gourm    .     (helmet restricted)
rElec  .         Spirit   .     (no cloak)
rCorr  .         Warding  .     (gloves unavailable)
rMut   .         Stasis   .     (boots unavailable)
MR     .....                    (no amulet)
Stlth  ++........               (no ring)
                                (no ring)

@: very quick, not resistant to hostile enchantments, unstealthy
A: unfitting armour, see invisible, herbivore 3, speed 3, slow metabolism 2
a: no special abilities


You were on level 1 of the Dungeon.
You were not hungry.

You visited 1 branch of the dungeon, and saw 1 of its levels.

You collected 10 gold pieces.

Inventory:

Hand weapons
 a - a +0 short sword
 k - a +0 hunting sling
 l - a cursed -3 dagger (weapon)
Missiles
 d - 18 stones (quivered)
 f - 4 tomahawks of dispersal
 h - 8 sling bullets
Armour
 b - a +0 robe (worn)
Scrolls
 g - a scroll of enchant weapon {unknown}
 i - a scroll of magic mapping {unknown}
 B - a scroll of blinking
Potions
 j - a potion of curing {unknown}
Books
 c - a book of Spatial Translocations

   Spells                             Type                      Level
   a - Apportation                    Translocation                1
   b - Blink                          Translocation                2
   c - Shroud of Golubria             Charms/Translocation         2
   d - Portal Projectile              Translocation                3
   e - Teleport Other                 Translocation                3
   f - Passage of Golubria            Translocation                4
Comestibles
 e - a bread ration {@e1}


   Skills:
 + Level 1.6 Fighting
 * Level 2.3 Short Blades
 - Level 1.1 Throwing
 - Level 0.6 Armour
 + Level 3.0 Dodging
 + Level 1.2 Stealth
 + Level 3.0 Spellcasting
 + Level 4.4 Translocations


You had 5 spell levels left.
You knew the following spells:

 Your Spells              Type           Power        Failure   Level  Hunger
o - Apportation           Tloc           ##........   3%          1    #......


Dungeon Overview and Level Annotations

Branches:
Dungeon (1/15)

Altars:


Innate Abilities, Weirdness & Mutations

You are tiny and cannot use many weapons and most armour.
You have supernaturally acute eyesight.
You are a herbivore.
You cover ground extremely quickly.
You need consume almost no food.


Message History

g - a scroll labeled KEMOUCRA GANI A giant newt comes into view.
You see here 3 gold pieces.
You now have 10 gold pieces (gained 3).
A hobgoblin comes into view. It is wielding a club.
The hobgoblin shouts!
You hit the giant newt.
You kill the giant newt!
Your Stealth skill increases to level 1!
Your magical contamination has completely faded away.
You see here a giant newt corpse.
You completely miss the hobgoblin. The hobgoblin hits you with a club.
You take 1 damage, and have 7/10 hp.
You hit the hobgoblin.
The hobgoblin is lightly wounded.
The hobgoblin completely misses you.
You barely miss the hobgoblin.
The hobgoblin is lightly wounded.
You barely miss the hobgoblin.
The hobgoblin is lightly wounded.
The hobgoblin misses you.
You barely miss the hobgoblin.
The hobgoblin is lightly wounded.
The hobgoblin hits you with a club.
You take 2 damage, and have 5/10 hp.
You hit the hobgoblin but do no damage.
The hobgoblin is lightly wounded.
The hobgoblin closely misses you.
You hit the hobgoblin.
You kill the hobgoblin!
Unknown command.
h - 8 sling bullets
Found a stone staircase leading down.
There is a stone staircase leading down here.
i - a scroll labeled VUGHOAH RAMN
Casting: Apportation
Confirm with . or Enter, or press ? or * to list all spells.
Aiming: Apportation
Press: ? - help Apport: an orange potion Yoink!
You pull the item towards yourself.
You now have 2/4 mp.
j - an orange potion Autopickup is now off.
There is a stone staircase leading down here.
A hobgoblin comes into view.
The hobgoblin shouts!
The hobgoblin misses you.
You hit the hobgoblin.
The hobgoblin is heavily wounded.
The hobgoblin barely misses you.
MP restored: 4 You barely miss the hobgoblin.
The hobgoblin is heavily wounded.
The hobgoblin closely misses you.
You hit the hobgoblin.
You kill the hobgoblin!
Unknown command.
Casting: Apportation
Confirm with . or Enter, or press ? or * to list all spells.
Aiming: Apportation
Press: ? - help Apport: a hunting sling Yoink!
You pull the item towards yourself.
You now have 3/4 mp.
k - a hunting sling MP restored: 4 A goblin comes into view.
It is wielding an enchanted dagger.
The goblin shouts!
Press: ? - help, v - describe, . - travel
Here: a goblin, wielding an enchanted dagger The floor.
Unknown command.
Throwing (i - inventory. (,) - cycle):
f - 5 tomahawks of dispersal (quivered)
Press: ? - help, Shift-Dir - straight line, f - goblin
Aim: a goblin, wielding an enchanted dagger You throw a tomahawk of dispersal.
The tomahawk of dispersal misses the goblin.
Throwing (i - inventory. (,) - cycle):
f - 4 tomahawks of dispersal (quivered)
Press: ? - help, Shift-Dir - straight line, f/p - goblin
Aim: a goblin, wielding an enchanted dagger
Okay, then.
Quiver which item? (- for none, * to show all) (? for menu, Esc to quit)
Quivering
d - 18 stones for throwing.
Throwing (i - inventory. (,) - cycle):
d - 18 stones (quivered)
Press: ? - help, Shift-Dir - straight line, f/p - goblin
Aim: a goblin, wielding an enchanted dagger You throw a stone.
The stone hits the goblin.
The goblin is heavily wounded.
You hit the goblin.
You kill the goblin!
Your Spellcasting skill increases to level 3!
You see here an enchanted dagger.
l - an enchanted dagger You see here a stone.
d - 18 stones (gained 1) Wield which item (- for none, * to show all)? (? for menu, Esc to quit)
It sticks to your hand!
l - a cursed -3 dagger (weapon)
Are you sure you want to abandon this character and quit the game? (Confirm with "yes".) ██ █.. █.█ █.█ █.█ █.█ █ █.█ ██████ ..███ █.█ .....█ █...█ █.█ ████

█[..█ █@█ ..█
....█ █.█
█.████ █...█
█.█
█....███...█
███.█
████.......█
█[..█
████..█████.███
█ ██....█..██ █
████.....██ █
█......█


There were no monsters in sight!

Vanquished Creatures
  A goblin (D:1)
  2 hobgoblins (D:1)
  2 giant newts (D:1)
  A kobold (D:1)
  A rat (D:1)
7 creatures vanquished.

Notes
Turn   | Place    | Note
--------------------------------------------------------------
     0 | D:1      | Goblin1989, the Spriggan Warper, began the quest for the Orb.
     0 | D:1      | Reached XP level 1. HP: 10/10 MP: 4/4
    36 | D:1      | Reached skill level 1 in Stealth
   134 | D:1      | Quit the game

Action                   || total
-------------------------++-------
Melee: Short sword       ||    19
Throw: Stone             ||     1
       Tomahawk          ||     1
 Cast: Apportation       ||     6

Vault maps used:
D:1:      scummos_arrival_simple_crosswalls, hangedman_decor_slide_cut,
          hangedman_decor_points, minmay_misc_feat_five
